 Dungeon Crawl Stone Soup version 0.21.1-1-g345015f (webtiles) character file.

141 letownia2 the Conjurer (level 5, 0/28 HPs)
             Began as a Tengu Air Elementalist on Mar 3, 2018.
             Succumbed to an adder's poison
             ... on level 4 of the Dungeon.
             The game lasted 00:08:10 (931 turns).

letownia2 the Conjurer (Tengu Air Elementalist)      Turns: 931, Time: 00:08:11

Health: 0/28       AC:  3    Str:  8    XL:     5   Next: 24%
Magic:  0/9        EV: 12    Int: 16    God:
Gold:   79         SH:  0    Dex: 15    Spells: 4/8 levels left

rFire    . . .     SeeInvis .   a - +3 rapier
rCold    . . .     Gourm    .   (no shield)
rNeg     . . .     Faith    .   h - +0 leather armour
rPois    .         Spirit   .   (helmet restricted)
rElec    .         Reflect  .   (no cloak)
rCorr    .         Harm     .   (no gloves)
MR       .....                  (boots unavailable)
Stlth    ++........             i - amulet of rage
HPRegen  0.09/turn              (no ring)
MPRegen  0.11/turn              (no ring)

@: lethally poisoned (0 -> -2), hasted, very quick
A: beak, talons 3, able to fly 1
a: Fly, Evoke Berserk Rage


You were on level 4 of the Dungeon.
You were not hungry.

You visited 1 branch of the dungeon, and saw 4 of its levels.

You collected 79 gold pieces.

Inventory:

Hand Weapons
 a - a +3 rapier (weapon)
 f - a +0 short sword
Armour
 h - a +0 leather armour (worn)
 l - a +0 robe
 o - a +0 cloak
Jewellery
 i - an amulet of rage (around neck)
Scrolls
 d - 2 scrolls of remove curse {unknown}
 e - a scroll of enchant armour {unknown}
 g - a scroll of fear {unknown}
 j - 2 scrolls of identify {unknown}
 k - a scroll of enchant weapon {unknown}
Books
 b - a book of Air

   Spells                             Type                      Level
   a - Shock                          Conjuration/Air              1
   b - Swiftness                      Charms/Air                   2
   c - Static Discharge               Conjuration/Air              3
   d - Airstrike                      Air                          4
   e - Lightning Bolt                 Conjuration/Air              5
Comestibles
 c - 4 rations


   Skills:
 + Level 0.6 Fighting
 - Level 2.3 Armour
 + Level 2.4 Dodging
 - Level 2.0 Stealth
 - Level 2.0 Spellcasting
 + Level 5.3 Conjurations
 - Level 4.0 Air Magic


You had 4 spell levels left.
You knew the following spells:

 Your Spells              Type           Power        Failure   Level  Hunger
a - Shock                 Conj/Air       ###.         4%          1    #......
d - Static Discharge      Conj/Air       ###.....     13%         3    ###....


Dungeon Overview and Level Annotations

Branches:
Dungeon (4/15)
 Temple: D:4-7

Altars:
Elyvilon
The Shining One


Innate Abilities, Weirdness & Mutations

You have a beak for a mouth.
You have claws for feet.
You can fly.


Message History

The adder is heavily wounded.
The adder bites you.
* * * LOW HITPOINT WARNING * * *
You are lethally poisoned!
The adder poisons you! The adder bites you.
* * * LOW HITPOINT WARNING * * *
Casting: Shock
Confirm with . or Enter, or press ? or * to list all spells.
Aiming: Shock
Press: ? - help, Shift-Dir - straight line, f/p - adder
Aim: an adder (heavily wounded)
The zap misses the adder.
* * * LOW HITPOINT WARNING * * *
You feel sick. The adder completely misses you.
Unknown command.
Unknown command.
Unknown command.
It was a potion of haste.
You feel yourself speed up. The adder closely misses you.
You die...

.... #...... ##### .. #.......
.... ... #. #....... #..# #.#
#.# #..........# #.# #.#
#.....#.#..# #.# #.#
#......#..# #.###.#
#...#.#.#.####....#
#......#@.S.......#
########.#.#.#.#...#.....#
##................####......[.[
........#.##....#.# #####.#...
..........#.......## .. .
(.....#.#.....#.#..## #..
....................## .
....#.#.#...#.#.#....##
.....#.#..............##


You could see an adder.

Vanquished Creatures
  A bullfrog skeleton (D:4)
  An iguana (D:4)
  A centaur skeleton (D:4)
  A worker ant (D:4)
  2 adders (D:2)
  An adder skeleton (D:4)
  A worm (D:2)
  A leopard gecko (D:2)
  A giant cockroach (D:1)
  2 jackals (D:4)
  A bat (D:2)
  2 frilled lizards
  2 goblins
  A rat (D:1)
18 creatures vanquished.

Notes
Turn   | Place    | Note
-------+----------+-------------------------------------------
     0 | D:1      | letownia2 the Tengu Air Elementalist began the quest for the Orb.
     0 | D:1      | Reached XP level 1. HP: 10/10 MP: 4/4
   169 | D:2      | Reached skill level 3 in Conjurations
   169 | D:2      | Reached XP level 2. HP: 10/15 MP: 1/6
   286 | D:2      | Reached XP level 3. HP: 19/19 MP: 2/7
   291 | D:2      | Learned a level 3 spell: Static Discharge
   301 | D:2      | Found a glowing golden altar of the Shining One.
   302 | D:2      | Found a white marble altar of Elyvilon.
   431 | D:2      | Reached skill level 4 in Conjurations
   615 | D:4      | Reached skill level 1 in Armour
   652 | D:4      | Reached XP level 4. HP: 19/24 MP: 5/8
   761 | D:4      | Reached skill level 5 in Conjurations
   904 | D:4      | Gained mutation: You can fly. [Tengu growth]
   904 | D:4      | Reached XP level 5. HP: 3/28 MP: 3/9
   927 | D:4      | HP: 1/28 [poisoned by an adder]
   931 | D:4      | Succumbed to an adder's poison

Skill      XL: |  1  2  3  4 |
---------------+-------------+-----
Conjurations   | 3 4 5 |  5.3
Armour         | 1 2 |  2.3
Fighting       | |  0.6
Dodging        | |  2.4
Stealth        | |  2.0
Spellcasting   | |  2.0
Air Magic      | |  4.0

Action                   |  1- 3 |  4- 6 || total
-------------------------+-------+-------++-------
Melee: Short sword       |     2 |       ||     2
       Rapier            |     3 |       ||     3
       Kick              |     1 |       ||     1
       Peck              |     1 |       ||     1
 Cast: Shock             |    29 |    23 ||    52
  Use: Potion            |       |     1 ||     1
  Eat: Chunk             |       |     1 ||     1
Armor: Robe              |     3 |       ||     3
       Leather armour    |     2 |     2 ||     4
Dodge: Dodged            |    11 |    10 ||    21
